 Dungeon Crawl Stone Soup version 0.28-b1-25-g9875b3fc8c (webtiles) character file.

Game seed: 15346842667191971288

20 HoaS the Ruffian (level 2, -5/24 HPs)
             Began as a Ghoul Gladiator on Feb 5, 2022.
             Slain by a gnoll (13 damage)
             ... on level 1 of the Dungeon.
             The game lasted 00:02:33 (795 turns).

HoaS the Ruffian (Ghoul Gladiator)                   Turns: 795, Time: 00:02:34

Health: -5/24      AC:  4    Str: 17    XL:     2   Next: 79%
Magic:  1/1        EV: 12    Int:  3    God:
Gold:   46         SH:  0    Dex: 10    Spells: 1/1 levels left

rFire   . . .      SeeInvis .     - Unarmed
rCold   + . .      Faith    .   (no shield)
rNeg    + + +      Spirit   .   a - +0 leather armour
rPois   ∞          Reflect  .   b - +0 helmet
rElec   .          Harm     .   (no cloak)
rCorr   .          Rampage  .   (no gloves)
Will    .....                   (no boots)
Stlth   +.........              (no amulet)
HPRegen 0.00/turn               (no ring)
MPRegen 0.07/turn               (no ring)

@: inhibited regen
A: claws 1, cold resistance 1, negative energy resistance 3, inhibited
regeneration, torment resistance 2
a: no special abilities


You were on level 1 of the Dungeon.
You visited 1 branch of the dungeon, and saw 2 of its levels.

You collected 46 gold pieces.

Inventory:

Missiles
 c - 3 throwing nets (quivered)
Armour
 a - a +0 leather armour (worn)
 b - a +0 helmet (worn)
Scrolls
 d - a scroll of fog {unknown}
 g - a scroll of magic mapping {unknown}
 h - a scroll of enchant weapon {unknown}
Potions
 e - 2 potions of brilliance {unknown}
 f - a potion of degeneration {unknown}
 i - 2 potions of heal wounds {unknown}
 j - a potion of resistance {unknown}
 k - a potion of attraction {unknown}


   Skills:
 - Level 2.1 Fighting
 - Level 1.7 Throwing
 + Level 1.0 Armour
 - Level 2.6 Dodging
 * Level 4.1 Unarmed Combat


You had one spell level left.
You didn't know any spells.
Your spell library was empty.

Dungeon Overview and Level Annotations

Branches:
Dungeon (2/15)

Altars:


Innate Abilities, Weirdness & Mutations

You thrive by killing the living.
You are immune to poison.
You have sharp fingernails.
Your flesh is cold resistant. (rC+)
You are immune to negative energy. (rN+++)
You do not regenerate when monsters are visible.
You are immune to unholy pain and torment.


Message History

Your Armour skill increases to level 1!
You swing at nothing.
You swing at nothing.
k - a smoky yellow potion You see here a +0 dagger.
An endoplasm comes into view.
A gnoll comes into view. It is wielding a +0 halberd.
The gnoll shouts!
The endoplasm quivers.
You hear a shout! x2
A gnoll comes into view. It is wielding a +0 spear.
A gnoll comes into view. It is wielding a +0 halberd.
The gnoll shouts!
A gnoll comes into view. It is wielding a +0 halberd.
You claw the endoplasm!
You kill the endoplasm!
The gnoll closely misses you.
You see here a +0 dagger.
There is a stone staircase leading up here.
There are no items here.
There are no items here.
The gnoll closely misses you. x2
There is a stone staircase leading up here.
The gnoll hits you from afar with a +0 spear.
The gnoll closely misses you.
You climb upwards.
There is a stone staircase leading down here.
You scratch the gnoll.
The gnoll is moderately wounded.
The gnoll hits you with a +0 halberd!
Ouch! That really hurt!
You are too injured to fight recklessly!
You are too injured to fight recklessly!
You are too injured to fight recklessly!
You are too injured to fight recklessly!
You barely miss the gnoll.
The gnoll is moderately wounded.
The gnoll hits you with a +0 halberd!
Ouch! That really hurt!
You die...

##################
.................#
########.........#
.................#######
###########............#
#.........##########.#
###.############## #.#
...............g@# #.#
###..#.########### #.#
#..#.########## #.#
###..#..........# #.#
..#..#..........# #.#
#.#..#..........# #.#
#.#..#..........# #.#
##..............# #.#
................######.#


You could see a gnoll.

Vanquished Creatures
  A dart slug (D:1)
  A bat (D:1)
  2 endoplasms
  A giant cockroach (D:1)
  4 hobgoblins
  2 kobolds (D:2)
  A ball python (D:1)
  A frilled lizard (D:2)
  A goblin (D:1)
  2 rats (D:1)
16 creatures vanquished.

Notes
Turn   | Place    | Note
-------+----------+-------------------------------------------
     0 | D:1      | HoaS the Ghoul Gladiator began the quest for the Orb.
     0 | D:1      | Reached XP level 1. HP: 17/17 MP: 0/0
   255 | D:1      | Found a faded altar of an unknown god.
   270 | D:1      | Reached XP level 2. HP: 24/24 MP: 1/1
   745 | D:2      | Reached skill level 4 in Unarmed Combat
   748 | D:2      | Reached skill level 1 in Armour
   795 | D:1      | Slain by a gnoll

Illustrated notes

Levels and vault maps discovered:
D:1:      eino_arrival_water_cross, layout_basic, basic_ecumenical_altar,
          kennysheep_decorative_pillar
D:2:      layout_loops_ring, dk_noncrumbling_3, nrook_loot_triangle,
          chequers_hall_statues_corner_a

Skill      XL: |  1  2 |
---------------+-------+-----
Unarmed Combat | 4 |  4.1
Armour         | 1 |  1.0
Fighting       | |  2.1
Throwing       | |  1.7
Dodging        | |  2.6

Action                   || total
-------------------------++-------
Melee: Unarmed           ||    32
Armor: Leather armour    ||     1
Dodge: Dodged            ||    18
